 Dungeon Crawl Stone Soup version 0.22-a0-456-g11ed031617 (webtiles) character file.

210 HANFGEIST the Insei (level 5, -4/34 HPs)
             Began as an Octopode Transmuter on June 7, 2018.
             Killed by nerve-wracking pain
             ... invoked by an orc priest
              (9 damage)
             ... on level 3 of the Dungeon.
             The game lasted 00:05:33 (3295 turns).

HANFGEIST the Insei (Octopode Transmuter)           Turns: 3295, Time: 00:05:34

Health: -4/34      AC:  1    Str: 10    XL:     5   Next: 87%
Magic:  8/8        EV: 14    Int: 16    God:
Gold:   156        SH:  0    Dex: 12    Spells: 2/8 levels left

rFire    . . .     SeeInvis .     - Unarmed
rCold    . . .     Gourm    .   (no shield)
rNeg     . . .     Faith    .   (helmet restricted)
rPois    .         Spirit   .   (no amulet)
rElec    .         Reflect  .   (no ring)
rCorr    .         Harm     .   (no ring)
MR       .....                  (no ring)
Stlth    +++.......             (no ring)
HPRegen  0.11/turn              (no ring)
MPRegen  0.11/turn              (no ring)
                                (no ring)
                                (no ring)

@: appendage
A: almost no armour, stealthy swim, amphibious, 8 rings, constrict 8, tentacle
spike 3, camouflage 1, gelatinous body 1
a: End Transformation


You were on level 3 of the Dungeon.
You were not hungry.
One of your tentacles had a temporary spike.
You visited 1 branch of the dungeon, and saw 3 of its levels.

You collected 156 gold pieces.

Inventory:

Missiles
 a - 9 arrows
Scrolls
 g - a scroll of fear {unknown}
 j - 6 scrolls of identify {unknown}
 k - 2 scrolls of fog {unknown}
 m - 2 scrolls of remove curse {unknown}
 n - a scroll of amnesia {unknown}
 o - a scroll of immolation {unknown}
Potions
 b - 3 potions of curing {unknown}
 d - 2 potions of lignification {unknown}
 e - 2 potions of haste {unknown}
 f - 2 potions of degeneration {unknown}
 h - a potion of ambrosia {unknown}
 l - a potion of flight {unknown}
 p - a potion of agility {unknown}
 q - a potion of berserk rage {unknown}
Comestibles
 c - 4 rations
 i - 12 chunks of flesh


   Skills:
 * Level 2.0 Fighting
 * Level 2.9 Dodging
 + Level 2.3 Stealth
 - Level 4.1 Unarmed Combat
 - Level 2.2 Spellcasting
 * Level 3.5 Transmutations


You had 2 spell levels left.
You knew the following spells:

 Your Spells              Type           Power        Failure   Level  Hunger
a - Beastly Appendage     Tmut           ##....       4%          1    #......
b - Sticks to Snakes      Tmut           ##......     7%          2    ###....
c - Spider Form           Tmut/Pois      #.........   28%         3    ###....

Your spell library contained the following spells:

 Spells                   Type           Power        Failure   Level  Hunger
 Blade Hands              Tmut           ##........   78%         5    ######.
 Ice Form                 Ice/Tmut       #.......     67%         4    #####..


Dungeon Overview and Level Annotations

Branches:
Dungeon (3/15)

Altars:
Dithmenos
Fedhas
Hepliaklqana
Makhleb
Trog
Wu Jian
Yredelemnul


Innate Abilities, Weirdness & Mutations

You cannot wear most types of armour.
You are very stealthy in the water. (Stealth+)
You are amphibious.
You can wear up to eight rings at the same time.
You can use your tentacles to constrict eight enemies at once.
Your skin changes colour to match your surroundings (Stealth+).
Your rubbery body absorbs attacks. (AC +1, EV +1)
One of your tentacles bears a large vicious spike.


Message History

You tentacle-slap the orc priest. Your grab misses the orc priest.
Your tentacle spike misses the orc priest.
The orc priest is moderately wounded.
An orc priest comes into view.
The orc priest barely misses you.
You barely miss the orc priest.
The orc priest shouts!
Your grab misses the orc priest.
Your tentacle spike misses the orc priest.
The orc priest is moderately wounded.
The orc priest looks satisfied for a moment.
The orc priest invokes the aid of Beogh against you.
Beogh smites you!
* * * LOW HITPOINT WARNING * * *
You closely miss the orc priest. You grab the orc priest.
The orc priest is moderately wounded.
You constrict the orc priest.
The orc priest invokes the aid of Beogh against you.
Pain shoots through your body!
You die...

### #.# #.##### #.....# .. .#
#.###)# #.# ##.# #.# #.# .. #.#
#..# #.# #.# .. #.#+#..#.#.# #.#
.. #......#.#@# #.# ..
#......#.#o# #.# ..
#......#.#.###.# ###
..#####......#.#.....# #.######
.............#.#..#..# #.......
...####.#.#..#.#.....### #.######
...# #.#.......>.o....###.######
...########.##.#.................
..).........##.#....##...........


You could see 2 orc priests.

Vanquished Creatures
  An orc wizard (D:3)
  Terence (D:2)
  A worker ant (D:2)
  2 adders (D:2)
  3 oozes
  3 worms (D:2)
  A dart slug (D:1)
  A leopard gecko (D:3)
  11 orcs (D:3)
  9 bats
  2 giant cockroaches
  12 goblins
  7 hobgoblins
  3 jackals (D:1)
  7 kobolds
  4 quokkas
  3 ball pythons
  3 frilled lizards
  10 rats
84 creatures vanquished.

Vanquished Creatures (collateral kills)
  An orc (D:3)
1 creature vanquished.

Grand Total: 85 creatures vanquished

Notes
Turn   | Place    | Note
-------+----------+-------------------------------------------
     0 | D:1      | HANFGEIST the Octopode Transmuter began the quest for the Orb.
     0 | D:1      | Reached XP level 1. HP: 13/13 MP: 3/3
   126 | D:1      | Reached XP level 2. HP: 18/18 MP: 3/5
   601 | D:1      | Reached XP level 3. HP: 19/23 MP: 6/6
  1383 | D:2      | Reached skill level 1 in Stealth
  1647 | D:2      | Learned a level 2 spell: Sticks to Snakes
  1651 | D:2      | Learned a level 3 spell: Spider Form
  1667 | D:2      | Reached XP level 4. HP: 28/28 MP: 3/7
  1700 | D:2      | Found a faded altar of an unknown god.
  1777 | D:2      | Noticed Terence
  1815 | D:2      | Killed Terence
  1815 | D:2      | Reached skill level 4 in Unarmed Combat
  1815 | D:2      | Reached XP level 5. HP: 33/33 MP: 3/8
  1881 | D:2      | Found a burning altar of Makhleb.
  1882 | D:2      | Found a bloodstained altar of Trog.
  1882 | D:2      | Found a hazy altar of Hepliaklqana.
  1882 | D:2      | Found a blossoming altar of Fedhas.
  1886 | D:2      | Found a basalt altar of Yredelemnul.
  2352 | D:3      | Found a shadowy altar of Dithmenos.
  2430 | D:3      | Found an ornate altar of the Wu Jian Council.
  3295 | D:3      | Killed from afar by an orc priest

Vault maps used:
D:1:      elethiomel_arrival_infinity_welcomes_careful_drivers
D:2:      grunt_temple_overflow_open, chequers_ecumenical_altar_island,
          first_ration, uniq_terence
D:3:      overflow_temple_1_default, grunt_dithmenos_smoke

Skill      XL: |  1  2  3  4  5 |
---------------+----------------+-----
Stealth        | 1 2 |  2.3
Transmutations | 3 |  3.5
Unarmed Combat | 4 |  4.1
Fighting       | 2 |  2.0
Dodging        | |  2.9
Spellcasting   | |  2.2

Action                   |  1- 3 |  4- 6 || total
-------------------------+-------+-------++-------
Melee: Unarmed           |    85 |   101 ||   186
       Kick              |    22 |    22 ||    44
       Constrict         |    25 |    33 ||    58
       Tentacles         |    10 |    14 ||    24
       Punch             |       |     2 ||     2
 Cast: Beastly Appendage |    26 |    31 ||    57
       Spider Form       |     1 |     1 ||     2
       Sticks to Snakes  |       |     3 ||     3
 Stab: Sleeping          |     8 |     8 ||    16
  Eat: Chunk             |     3 |     6 ||     9
Armor: Skin              |    10 |     5 ||    15
Dodge: Dodged            |    54 |    43 ||    97

Table legend:
 A = Spawn XP
 B = Non-spawn XP
 C = Spawn XP percentage of total XP
 D = Spawn monster count
 E = Non-spawn monster count
 F = Spawn count percentage of total count
 G = Total turns spent on level
                    A         B        C        D         E        F      G
               +---------+---------+-------+---------+---------+-------+---------
         Total |       0 |     300 |   0.0 |       0 |      85 |   0.0 |  3295
               +---------+---------+-------+---------+---------+-------+---------
           D:1 |       0 |      52 |   0.0 |       0 |      27 |   0.0 |  1354
           D:2 |       0 |     152 |   0.0 |       0 |      26 |   0.0 |   909
           D:3 |       0 |      96 |   0.0 |       0 |      32 |   0.0 |  1032
               +---------+---------+-------+---------+---------+-------+---------
